 Dungeon Crawl Stone Soup version 0.30.1-3-gfc49f6343a (webtiles) character file.

Game seed: 10786149554103043417

2211 cdecastro the Summoner (level 9, -3/57 HPs)
             Began as a Merfolk Summoner on July 26, 2023.
             Was an Initiate of Gozag.
             Slain by a gnoll sergeant
             ... wielding a +0 spear
              (10 damage)
             ... on level 6 of the Dungeon.
             The game lasted 00:18:09 (6055 turns).

cdecastro the Summoner (Merfolk Summoner)           Turns: 6055, Time: 00:18:10

Health: -3/57      AC:  6    Str:  9    XL:     9   Next: 35%
Magic:  1/12       EV: 12    Int: 18    God:    Gozag
Gold:   759        SH:  0    Dex: 14    Spells: 3/12 levels left

rFire   . . .        I - +2 dagger (venom)
rCold   x . .        (no shield)
rNeg    + . .        a - +0 robe
rPois   .            f - +0 hat
rElec   .            (no cloak)
rCorr   .            k - +0 pair of gloves
SInv    +            h - +2 pair of boots
Will    +....        r - amulet of regeneration
Stlth   +++          o - ring "Behoxeogi" {rC- rN+ Will+ SInv Stlth+}
HPRegen 1.09/turn    (no ring)
MPRegen 0.13/turn

%: no passive effects
@: very slightly contaminated
A: (nimble swimmer 2), mertail
a: Renounce Religion, Potion Petition, Call Merchant, Bribe Branch


You were on level 6 of the Dungeon.
You worshipped Gozag.
Gozag was pleased with you.
You visited 2 branches of the dungeon, and saw 7 of its levels.
You also visited: Sewer.

You collected 1279 gold pieces.
You spent 520 gold pieces at shops.

Inventory:

Hand Weapons
 c - a +0 spear
 e - a +0 dagger
 w - a +4 dagger
 x - a +0 short sword of venom
 I - a +2 dagger of venom (weapon)
Missiles
 l - 36 poisoned darts
Armour
 a - a +0 robe (worn)
 f - a +0 hat (worn)
 h - a +2 pair of boots (worn)
 k - a +0 pair of gloves (worn)
Jewellery
 j - an amulet of magic regeneration
 o - the ring "Behoxeogi" (left hand) {rC- rN+ Will+ SInv Stlth+}
   (You found it on level 2 of the Dungeon)

   [ring of see invisible]

   rC:        It makes you vulnerable to cold.
   rN:        It protects you from negative energy.
   SInv:      It lets you see invisible.
   Will:      It increases your willpower.
   Stlth:     It makes you more stealthy.
 r - an amulet of regeneration (around neck)
Wands
 y - a wand of quicksilver (8)
 E - a wand of roots (3)
Scrolls
 d - 2 scrolls of teleportation {unknown}
 g - 2 scrolls of amnesia
 i - a scroll of acquirement {unknown}
 m - a scroll of brand weapon {unknown}
 n - 2 scrolls of fog {unknown}
 q - a scroll of torment {unknown}
 t - a scroll of immolation
 D - a scroll of identify
Potions
 b - 2 potions of magic
 p - 2 potions of invisibility
 s - a potion of lignification
 u - 2 potions of curing {unknown}
 v - 7 potions of brilliance
 z - 2 potions of might {unknown}
 A - 2 potions of heal wounds {unknown}
 B - 3 potions of cancellation {unknown}
 C - a potion of degeneration {unknown}
 G - a potion of ambrosia {unknown}
 H - a potion of mutation {unknown}
Miscellaneous
 F - a phantom mirror


   Skills:
 - Level 2.6 Dodging
 - Level 2.1 Stealth
 - Level 2.0 Spellcasting
 + Level 12.7 Summonings


You had 3 spell levels left.
You knew the following spells:

 Your Spells              Type           Power      Damage    Failure   Level
a - Summon Small Mammal   Summ           100%       N/A       1%          1
b - Call Imp              Summ           94%        N/A       1%          2
c - Call Canine Familiar  Summ           47%        N/A       1%          3
d - Summon Guardian Gole  Hex/Summ       24%        N/A       4%          3

Your spell library contained the following spells:

 Spells                   Type           Power      Damage    Failure   Level
 Ensorcelled Hibernation  Hex/Ice        2%         N/A       26%         2
 Passwall                 Tmut/Erth      0%         N/A       26%         2
 Sublimation of Blood     Necr           1%         N/A       26%         2
 Swiftness                Air            1%         N/A       47%         3
 Summon Lightning Spire   Summ/Air       24%        N/A       13%         4
 Petrify                  Tmut/Erth      1%         N/A       87%         4
 Irradiate                Conj/Tmut      0%         3d11      99%         5
 Disjunction              Tloc           0%         N/A       100%        8
 Polar Vortex             Ice            0%         N/A       100%        9


Dungeon Overview and Level Annotations

Branches:
Dungeon (6/15)             Temple (1/1) D:4           Sewer (visited)

Altars:
Ashenzari
Fedhas
Gozag
Hepliaklqana
Kikubaaqudgha
Makhleb
Okawaru
Ru
Sif Muna
Trog
Uskayaw
Vehumet
Wu Jian
Xom
Yredelemnul
Zin
The Shining One

Shops:
D:6 *

Annotations:
D:5 exclusion: centaur


Innate Abilities, Weirdness & Mutations

((You are very nimble when in or above water. (Stealth+, EV+, Speed+++)))
Your lower body shifts to a powerful aquatic tail in water.


Message History

You barely miss the gnoll sergeant.
The gnoll sergeant is no longer distracted by gold.
The gnoll sergeant is moderately wounded.
The gnoll is no longer distracted by gold.
The gnoll is distracted by your dazzling golden aura.
Unknown command.
The gnoll sergeant hits you with a +0 spear!
* * * LOW HITPOINT WARNING * * *
Things that are here:
6 gold pieces; a +0 club Unknown command.
You hit the gnoll sergeant but do no damage.
The gnoll sergeant is poisoned.
The gnoll sergeant is moderately wounded.
The gnoll is no longer distracted by gold.
The gnoll is distracted by your dazzling golden aura.
Unknown command.
The gnoll is no longer distracted by gold.
The gnoll closely misses you.
The gnoll sergeant is distracted by your dazzling golden aura.
The gnoll sergeant shouts!
Unknown command.
You catch the helpless gnoll completely off-guard!
You puncture the gnoll!
You kill the gnoll!
You flicker back into view.
The gnoll sergeant is no longer distracted by gold.
The gnoll sergeant hits you with a +0 spear!
* * * LOW HITPOINT WARNING * * *
You hit the gnoll sergeant.
The gnoll sergeant is heavily wounded.
The gnoll sergeant hits you with a +0 spear!
* * * LOW HITPOINT WARNING * * *
Unknown command.
You hit the gnoll sergeant.
The gnoll sergeant looks as sick as possible!
The gnoll sergeant is severely wounded.
The gnoll sergeant hits you with a +0 spear!
You die...
Your body crumbles into a pile of gold.

...# #..........##
... #........##.#
.. ###.......[####
............# $
..........##.#
...........##.#
............#..#
............g$.###
.............@.#.#
.............○$§.#
.............§.$##
.g............##.##
............#####.#
............# #.#
............# ###
...........##
..#....###....#


You could see a gnoll sergeant (extremely poisoned).

Vanquished Creatures
  Eustachio (D:5)
  A water moccasin (D:6)
  2 ogres
  2 kobold brigands (Sewer)
  A bullfrog (D:6)
  2 scorpions (D:4)
  2 hounds (D:4)
  2 sleepcaps
  An iguana (D:4)
  An orc wizard (D:6)
  4 adders
  2 gnolls
  5 river rats (Sewer)
  3 worms
  2 dart slugs
  4 orcs
  5 bats
  3 endoplasms
  4 giant cockroaches
  2 goblins (D:2)
  4 hobgoblins
  A jackal (D:5)
  9 kobolds
  A quokka (D:5)
  4 ball pythons
  3 frilled lizards
  10 rats
81 creatures vanquished.

Vanquished Creatures (collateral kills)
  A black bear (D:6)
  An orc warrior (D:6)
  An ogre (D:5)
  A phantom (D:5)
  A scorpion (D:6)
  3 iron imps (D:3)
  2 hounds
  A sleepcap (D:4)
  3 orc priests
  3 orc wizards
  9 adders
  7 gnolls
  2 river rats (Sewer)
  A dart slug (D:5)
  7 orcs
  7 ball pythons
  3 endoplasms
  4 giant cockroaches
  2 goblins
  A hobgoblin (D:2)
  4 jackals
  A quokka (D:1)
  4 bats
  3 frilled lizards
  15 kobolds
  13 rats
100 creatures vanquished.

Vanquished Creatures (others)
  An orc warrior (D:6)
  Ijyb (D:5)
  2 gnolls
  An adder (D:6)
5 creatures vanquished.

Grand Total: 186 creatures vanquished

Notes
Turn   | Place    | Note
-------+----------+-------------------------------------------
     0 | D:1      | cdecastro the Merfolk Summoner began the quest for the Orb.
     0 | D:1      | Reached XP level 1. HP: 13/13 MP: 3/3
   254 | D:1      | Found a faded altar of an unknown god.
   267 | D:1      | Reached XP level 2. HP: 13/19 MP: 1/5
   311 | D:1      | Prayed at the altar of an unknown god.
   311 | D:1      | Became a worshipper of Gozag Ym Sagoz the Greedy
   432 | D:1      | You fall into a shaft and drop 1 floor!
   800 | D:1      | Reached XP level 3. HP: 24/24 MP: 6/6
  1010 | D:1      | Reached skill level 5 in Summonings
  1476 | D:2      | Got the Volume of Refrigeration and the Singularity
  1861 | D:2      | Reached XP level 4. HP: 19/30 MP: 4/7
  1928 | D:2      | Identified the ring "Behoxeogi" {rC- rN+ Will+ SInv Stlth+}
  1956 | D:2      | Learned a level 2 spell: Call Imp
  1960 | D:2      | Learned a level 3 spell: Call Canine Familiar
  2167 | D:3      | Reached skill level 6 in Summonings
  2230 | D:3      | Reached XP level 5. HP: 35/35 MP: 4/8
  2551 | D:3      | Found a burning altar of Makhleb.
  2587 | D:3      | Reached skill level 7 in Summonings
  2587 | D:3      | Reached XP level 6. HP: 30/41 MP: 3/9
  2803 | D:3      | Found an iron altar of Okawaru.
  2822 | D:3      | Found a glowing silver altar of Zin.
  2822 | D:3      | Noticed an angel
  3019 | D:4      | Found a staircase to the Ecumenical Temple.
  3053 | D:4      | Reached skill level 8 in Summonings
  3077 | Temple   | Entered the Ecumenical Temple
  3227 | D:4      | Reached XP level 7. HP: 39/46 MP: 2/10
  3494 | D:4      | Reached skill level 9 in Summonings
  3719 | D:4      | Learned a level 3 spell: Summon Guardian Golem
  3720 | D:5      | Entered Level 5 of the Dungeon
  3958 | D:5      | Reached XP level 8. HP: 52/52 MP: 11/11
  3964 | D:5      | Found a glowing drain.
  3968 | Sewer    | Entered a sewer
  4305 | Sewer    | Reached skill level 10 in Summonings
  4949 | D:5      | Noticed Ijyb
  4955 | D:5      | Noticed Eustachio
  4958 | D:5      | Killed Ijyb
  4986 | D:5      | Killed Eustachio
  4987 | D:5      | Reached skill level 11 in Summonings
  5479 | D:6      | Found Jeoloako's Gadget Gallery.
  5487 | D:6      | Bought a phantom mirror for 520 gold pieces
  5595 | D:6      | Reached XP level 9. HP: 56/57 MP: 6/12
  5611 | D:6      | Reached skill level 12 in Summonings
  6055 | D:6      | Slain by a gnoll sergeant

Illustrated notes

Levels and vault maps discovered:
D:1:      dpeg_arrival_central, layout_loops_ring,
          nicolae_ecumenical_snake_handling, st_stairs_12
D:2:      minmay_evil_eye, layout_rooms
D:3:      layout_rooms, lemuel_doored_altar, demons_altar, zin_angel
D:4:      layout_rooms, minmay_temple_entry_gardened_gates,
          nicolae_elevator_lobby_plus
D:5:      layout_cave_pools, gup_sewer_entry_spiral, uniq_eustachio, uniq_ijyb
D:6:      layout_layer_cave, kennysheep_mini, hangedman_decor_lopped,
          roderic_batcave, nicolae_shop_gadgets
Temple:   nicolae_temple_superstar

Skill      XL: |  1  2  3  4  5  6  7  8  9 |
---------------+----------------------------+-----
Summonings     | 5 6 7 8 9 11 12 | 12.7
Dodging        | |  2.6
Stealth        | |  2.1
Spellcasting   | |  2.0

Action                     |  1- 3 |  4- 6 |  7- 9 || total
---------------------------+-------+-------+-------++-------
  Melee: Spear             |   116 |    44 |       ||   160
         Punch             |     1 |     1 |     8 ||    10
         Dagger            |       |    31 |     5 ||    36
         Short sword       |       |     6 |   214 ||   220
         Tailslap          |       |       |    13 ||    13
   Cast: Summon Small Mamm |    47 |       |       ||    47
         Call Canine Famil |       |    17 |    19 ||    36
         Call Imp          |       |     8 |    10 ||    18
         Summon Guardian G |       |       |    12 ||    12
    Use: Scroll            |       |     5 |       ||     5
         Potion            |       |       |     1 ||     1
   Stab: Sleeping          |     3 |     1 |     5 ||     9
         Distracted        |     2 |     3 |     1 ||     6
         Invisible         |       |       |     1 ||     1
 Armour: Robe              |    37 |    25 |    43 ||   105
  Dodge: Dodged            |    77 |    45 |   145 ||   267
